 Dungeon Crawl Stone Soup version 0.28-a0-1404-g4df0f3684d (webtiles) character file.

Game seed: 642678933757451438

1682 HallandMoats the Caliginous (level 8, 0/62 HPs)
             Began as a Demonspawn Fighter on Jan 6, 2022.
             Was a Priest of Dithmenos.
             Succumbed to a killer bee's poison
             ... on level 6 of the Dungeon.
             The game lasted 00:08:22 (6437 turns).

HallandMoats the Caliginous (Demonspawn Fighter)    Turns: 6437, Time: 00:08:22

Health: 0/62       AC:  9    Str: 17 (18) XL:     8   Next: 71%
Magic:  13/13      EV: 12    Int:  9      God:    Dithmenos [***...]
Gold:   235        SH:  5    Dex: 14      Spells: 7/7 levels left

rFire   + . .      SeeInvis .   b - +2 short sword (flame)
rCold   . . .      Faith    .   c - +0 buckler
rNeg    . . .      Spirit   .   e - +0 scale mail
rPois   .          Reflect  .   p - +0 helmet
rElec   .          Harm     .   (no cloak)
rCorr   .          Rampage  .   (no gloves)
Will    .....                   j - +0 pair of boots
Stlth   +.........              (no amulet)
HPRegen 0.20/turn               o - ring of protection from fire
MPRegen 0.13/turn               (no ring)

@: brilliant, lethally poisoned (0 -> -2), about to teleport, flying, hasted,
wreathed by umbra, very quick
A: demonic guardian 2, ignite blood 2, sturdy frame 2, mutation resistance 1
a: Renounce Religion, Shadow Step


You were on level 6 of the Dungeon.
You worshipped Dithmenos.
Dithmenos was most pleased with you.
You visited 1 branch of the dungeon, and saw 6 of its levels.

You collected 235 gold pieces.

Inventory:

Hand Weapons
 a - a +0 long sword
 b - a +2 short sword of flaming (weapon)
Armour
 c - a +0 buckler (worn)
 e - a +0 scale mail (worn)
 j - a +0 pair of boots (worn)
 p - a +0 helmet (worn)
Jewellery
 o - a ring of protection from fire (left hand)
Wands
 g - a wand of flame (23)
Scrolls
 d - a scroll of immolation
 f - a scroll of noise
 l - a scroll of enchant armour {unknown}
 m - a scroll of teleportation
 n - a scroll of torment {unknown}
 q - a scroll of amnesia {unknown}
 u - a scroll of fear {unknown}
Potions
 h - 2 potions of degeneration


   Skills:
 + Level 5.1 Fighting
 + Level 4.0 Long Blades
 + Level 4.6 Armour
 + Level 3.6 Dodging
 + Level 4.7 Shields
 * Level 7.7 Invocations


You had 7 spell levels left.
You didn't know any spells.
Your spell library contained the following spells:

 Spells                   Type           Power      Damage    Failure   Level
 Blink                    Tloc           0%         N/A       75%         2
 Lesser Beckoning         Tloc           0%         N/A       93%         3
 Passage of Golubria      Tloc           0%         N/A       100%        4
 Manifold Assault         Tloc           0%         N/A       100%        5
 Silence                  Hex/Air        0%         N/A       100%        5
 Lehudib's Crystal Spear  Conj/Erth      0%         10d2      100%        8


Dungeon Overview and Level Annotations

Branches:
Dungeon (6/15)
 Temple: D:4-7

Altars:
Dithmenos
Elyvilon
Hepliaklqana
Kikubaaqudgha
Okawaru
Xom
Zin


Innate Abilities, Weirdness & Mutations

A demonic guardian rushes to your aid.
Your demonic aura often causes spilled blood to erupt in flames.
Your movements are less encumbered by armour. (ER -4)
You are somewhat resistant to further mutation.


Message History

* * * LOW HITPOINT WARNING * * *
You feel sick. The killer bee closely misses you.
The killer bee barely misses you.
Your orange demon misses the killer bee.
It was a potion of haste.
You feel yourself speed up.
* * * LOW HITPOINT WARNING * * *
You feel sick. You block the killer bee's attack.
The killer bee closely misses you.
Your orange demon closely misses the killer bee.
It was a potion of brilliance.
You feel clever all of a sudden.
* * * LOW HITPOINT WARNING * * *
You feel sick.
The killer bee stings you but does no damage.
Really quaff the potion of mutation?
You feel extremely strange.
You feel clumsy.
Your talons dull and shrink into feet.
You feel genetically stable. You block the killer bee's attack.
Your orange demon stings the killer bee from afar!
The killer bee dies!
Dithmenos accepts your kill.
Okay, then.
Drop what? 17/52 slots (_ for help) (? for menu, Esc to quit)
Okay, then.
As you read the scroll labelled UDEFUE FOSTI, it crumbles to dust.
You feel strangely unstable.
It was a scroll of teleportation.
* * * LOW HITPOINT WARNING * * *
You feel sick.
As you read the scroll labelled BIBROQ NO FALO, it crumbles to dust.
The creatures around you are filled with an inner flame!
It was a scroll of immolation.
* * * LOW HITPOINT WARNING * * *
You feel sick.
As you read the scroll labelled UHIHEQ IXIN, it crumbles to dust.
You hear a loud clanging noise!
It was a scroll of noise.
As you read the scroll labelled UCIPUOTUGIWK, it crumbles to dust.
Wisps of shadow whirl around you...
It was a scroll of summoning.
You die...

#.........## #..........
#.........# .........# #
........#######. #####
#!.............# #...#
#.......... #..
#...###.......... ##..
#...†@...##..#.####...
#...#4.h....## .....
######.l..............
#....)............. #######
#..........#.(....#
##.....###..........#.......
##.......##..........#......#
#....................#......#
#.........#.................#


You could see a friendly orange demon (summoned, inner flame), a friendly black
bear (summoned) and a friendly iguana (summoned).

Vanquished Creatures
  Edmund (D:5)
  A water moccasin (D:5)
  An ogre (D:4)
  A sky beast (D:3)
  A necrophage (D:4)
  A centaur (D:6)
  2 scorpions
  2 killer bees (D:6)
  A centaur zombie (D:5)
  A bullfrog skeleton (D:4)
  2 hounds
  An orc priest (D:5)
  2 orc wizards
  A howler monkey skeleton (D:6)
  9 adders
  A gnoll (D:4)
  A white imp (D:5)
  3 worms
  A dart slug (D:3)
  7 orcs
  10 ball pythons
  8 endoplasms
  4 giant cockroaches
  5 goblins
  9 hobgoblins
  9 jackals
  13 kobolds
  2 quokkas
  4 bats (D:1)
  4 frilled lizards
  A rat (D:3)
109 creatures vanquished.

Vanquished Creatures (collateral kills)
  An ice beast (D:6)
  An orc warrior (D:5)
  A phantom (D:5)
  3 killer bees (D:6)
  2 iguanas
  An orc wizard (D:4)
  2 gnolls (D:4)
  An adder (D:5)
  A worm (D:2)
  6 orcs
  A goblin (D:1)
  A ball python skeleton (D:2)
21 creatures vanquished.

Grand Total: 130 creatures vanquished

Notes
Turn   | Place    | Note
-------+----------+-------------------------------------------
     0 | D:1      | HallandMoats the Demonspawn Fighter began the quest for the
                  | Orb.
     0 | D:1      | Reached XP level 1. HP: 18/18 MP: 1/1
   122 | D:1      | Reached skill level 1 in Invocations
   122 | D:1      | Gained mutation: A weak demonic guardian rushes to your
                  | aid. [demonic ancestry]
   122 | D:1      | Reached XP level 2. HP: 16/24 MP: 2/2
   398 | D:1      | Found a faded altar of an unknown god.
   403 | D:1      | Reached skill level 2 in Invocations
   427 | D:1      | Gained mutation: Your movements are slightly less
                  | encumbered by armour. (ER -2) [demonic ancestry]
   427 | D:1      | Reached XP level 3. HP: 17/29 MP: 4/4
   436 | D:1      | Prayed at the altar of an unknown god.
   436 | D:1      | Became a worshipper of Dithmenos the Shadowed
   436 | D:1      | Reached * piety under Dithmenos
  1710 | D:2      | Reached ** piety under Dithmenos
  1973 | D:3      | Gained mutation: Your demonic aura sometimes causes spilled
                  | blood to erupt in flames. [demonic ancestry]
  1973 | D:3      | Reached XP level 4. HP: 33/35 MP: 6/6
  2000 | D:3      | Reached skill level 1 in Dodging
  2108 | D:3      | Found an ancient bone altar of Kikubaaqudgha.
  2250 | D:3      | Reached skill level 3 in Invocations
  2504 | D:3      | Noticed a sky beast
  2514 | D:3      | Killed a sky beast
  2515 | D:3      | Gained mutation: A demonic guardian rushes to your aid.
                  | [demonic ancestry]
  2515 | D:3      | Reached XP level 5. HP: 29/41 MP: 7/7
  2537 | D:3      | Found a shimmering altar of Xom.
  2933 | D:4      | Noticed an ogre
  2951 | D:4      | Killed an ogre
  2952 | D:4      | Reached skill level 4 in Invocations
  2952 | D:4      | Reached XP level 6. HP: 39/48 MP: 7/9
  3100 | D:4      | Found an iron altar of Okawaru.
  3432 | D:4      | Reached skill level 5 in Invocations
  3503 | D:4      | Gained mutation: Your demonic aura often causes spilled
                  | blood to erupt in flames. [demonic ancestry]
  3503 | D:4      | Reached XP level 7. HP: 32/54 MP: 10/10
  3955 | D:4      | Reached *** piety under Dithmenos
  4098 | D:5      | Entered Level 5 of the Dungeon
  4281 | D:5      | Reached skill level 6 in Invocations
  4470 | D:5      | Noticed Edmund
  4537 | D:5      | Killed Edmund
  4964 | D:5      | Gained mutation: Your movements are less encumbered by
                  | armour. (ER -4) [demonic ancestry]
  4964 | D:5      | Reached XP level 8. HP: 37/61 MP: 12/12
  5712 | D:6      | Reached skill level 7 in Invocations
  6190 | D:6      | Found a hazy altar of Hepliaklqana.
  6407 | D:6      | Gained mutation: You have sharp toenails. [potion of
                  | mutation]
  6407 | D:6      | Gained mutation: You are agile. (Dex +2) [potion of
                  | mutation]
  6413 | D:6      | Reached skill level 5 in Fighting
  6431 | D:6      | HP: 3/62 [poisoned by a killer bee]
  6433 | D:6      | Lost mutation: You are agile. (Dex +2) [potion of mutation]
  6433 | D:6      | Lost mutation: You have sharp toenails. [potion of
                  | mutation]
  6433 | D:6      | Gained mutation: You are somewhat resistant to further
                  | mutation. [potion of mutation]
  6435 | D:6      | HP: 1/62 [poisoned by a killer bee]
  6437 | D:6      | Succumbed to a killer bee's poison

Illustrated notes

Levels and vault maps discovered:
D:1:      dpeg_arrival_houses_and_road, layout_loops_ring,
          shapermc_ecumenical_altar_venn, ebering_dispersal_statue_hall
D:2:      layout_rooms, minmay_box_of_dots
D:3:      layout_basic, lemuel_crystal_altar, lemuel_coloured_pillars_altar
D:4:      layout_basic, overflow_temple_1_default
D:5:      layout_loops_ring, mainiacjoe_overflow_catwalk, elyvilon_altar_1,
          hangedman_abyss_or_decor_stagger, uniq_edmund
D:6:      layout_rooms, kennysheep_mini, mainiacjoe_overflow_alcove_4,
          lemuel_tele_altar, dk_vineyard_2, corexii_corridor_pit

Skill      XL: |  1  2  3  4  5  6  7  8 |
---------------+-------------------------+-----
Invocations    | 1 2 3 4 5 6 7 |  7.7
Shields        | 3 4 |  4.7
Long Blades    | 2 3 4 |  4.0
Dodging        | 1 2 3 |  3.6
Armour         | 3 4 |  4.6
Fighting       | 4 5 |  5.1

Action                   |  1- 3 |  4- 6 |  7- 9 || total
-------------------------+-------+-------+-------++-------
Melee: Short sword       |   134 |   122 |   169 ||   425
       Long sword        |    10 |       |       ||    10
Throw: Throwing net      |       |     2 |       ||     2
Evoke: Wand              |       |       |     4 ||     4
  Use: Potion            |       |     1 |    10 ||    11
       Scroll            |       |       |     4 ||     4
 Stab: Distracted        |     1 |       |       ||     1
       Held in net/web   |       |     1 |       ||     1
       Invisible         |       |       |     1 ||     1
Armor: Scale mail        |    54 |    29 |    69 ||   152
Dodge: Dodged            |    78 |    57 |   131 ||   266
Block: Buckler           |    36 |    21 |    51 ||   108

Table legend: (Time is in decaauts)
 A = Elapsed time spent in this place.
 B = Non-inter-level travel time spent in this place.
 C = Inter-level travel time spent in this place.
 D = Time resting spent in this place.
 E = Time spent auto-exploring this place.
 F = Levels seen in this place.
 G = Mean time per level.
                   A        B        C        D        E       F      G
               +--------+--------+--------+--------+--------+-----+--------+
         Total |   6462 |   6282 |    180 |    620 |   4661 |   6 | 1077.0 |
       Dungeon |   6462 |   6282 |    180 |    620 |   4661 |   6 | 1077.0 |
               +--------+--------+--------+--------+--------+-----+--------+

Top non-repeatable levels by time:
     D:5: 1584 daAuts
     D:4: 1168 daAuts
     D:1: 1104 daAuts
     D:3: 1012 daAuts
     D:2: 835 daAuts
     D:6: 757 daAuts
